 Dungeon Crawl Stone Soup version 0.30.1 (webtiles) character file.

Game seed: 3945481405775557447

82 javelincjr the Caller (level 4, -1/28 HPs)
             Began as an Octopode Summoner on July 3, 2023.
             Slain by an adder (4 damage)
             ... on level 3 of the Dungeon on July 4, 2023.
             The game lasted 00:04:51 (2061 turns).

javelincjr the Caller (Octopode Summoner)           Turns: 2061, Time: 00:04:53

Health: -1/28      AC:  1    Str:  7    XL:     4   Next: 43%
Magic:  3/7        EV: 14    Int: 19    God:
Gold:   34         SH:  0    Dex: 18    Spells: 5/8 levels left

rFire   . . .        l - +0 arbalest
rCold   . . .        (shield currently unavailable)
rNeg    . . .        (helmet restricted)
rPois   .            (no amulet)
rElec   .            o - +6 ring of dexterity
rCorr   .            (no ring)
SInv    .            (no ring)
Will    .....        (no ring)
Stlth   ++++         (no ring)
HPRegen 0.24/turn    (no ring)
MPRegen 0.10/turn    (no ring)
                     (no ring)

%: no passive effects
@: lethally poisoned (-1 -> -5)
A: almost no armour, amphibious, 8 rings, camouflage 1, gelatinous body 1,
(nimble swimmer 1), tentacles
a: no special abilities


You were on level 3 of the Dungeon.
You visited 1 branch of the dungeon, and saw 3 of its levels.

You collected 34 gold pieces.

Inventory:

Hand Weapons
 b - a +2 dagger of holy wrath
 l - a +0 arbalest (weapon)
Magical Staves
 f - a staff of earth
Jewellery
 o - a +6 ring of dexterity (left tentacle)
Scrolls
 d - 2 scrolls of poison {unknown}
 e - 2 scrolls of magic mapping {unknown}
 g - 3 scrolls of identify {unknown}
 h - a scroll of immolation {unknown}
 i - a scroll of fear {unknown}
 m - a scroll of enchant weapon {unknown}
 q - a scroll of teleportation {unknown}
Potions
 a - a potion of magic
 c - 2 potions of degeneration {unknown}
 j - a potion of ambrosia {unknown}
 k - 4 potions of curing {unknown}
 n - a potion of heal wounds {unknown}
 p - a potion of haste {unknown}


   Skills:
 + Level 1.0 Fighting
 + Level 2.7 Dodging
 + Level 3.8 Stealth
 + Level 2.5 Spellcasting
 + Level 4.4 Summonings


You had 5 spell levels left.
You knew the following spells:

 Your Spells              Type           Power      Damage    Failure   Level
a - Summon Small Mammal   Summ           76%        N/A       2%          1
b - Call Imp              Summ           38%        N/A       3%          2

Your spell library contained the following spells:

 Spells                   Type           Power      Damage    Failure   Level
 Call Canine Familiar     Summ           19%        N/A       8%          3
 Summon Guardian Golem    Hex/Summ       10%        N/A       19%         3
 Static Discharge         Conj/Air       4%         2-3/arc   24%         2
 Summon Lightning Spire   Summ/Air       10%        N/A       54%         4
 Airstrike                Air            1%         2d(1-17)  85%         4


Dungeon Overview and Level Annotations

Branches:
Dungeon (3/15)

Altars:
Qazlal


Innate Abilities, Weirdness & Mutations

You cannot wear most types of armour.
You are amphibious.
You can wear up to eight rings at the same time.
Your skin changes colour to match your surroundings (Stealth+).
Your rubbery body absorbs attacks. (AC +1, EV +1)
((You are camouflaged when in or above water. (Stealth+)))
You have tentacles for arms and can constrict up to eight enemies at once.


Message History

Casting: Summon Small Mammal (safe; 2% risk of failure)
Confirm with . or Enter, or press ? or * to list all spells.
You feel sick.
The adder bites your cerulean imp but does no damage.
Your cerulean imp barely misses the adder.
Your rat barely misses the adder.
You swap places.
You feel sick. The adder bites your cerulean imp.
Your rat barely misses the adder.
You feel sick.
Your quokka barely misses the adder.
Your cerulean imp closely misses the adder.
The adder bites your quokka.
Your rat bites the adder.
You feel sick.
Your quokka barely misses the adder.
The adder bites your quokka.
Your quokka dies!
Your quokka's corpse disappears in a puff of smoke!
Your cerulean imp barely misses the adder.
Your rat closely misses the adder.
You are too injured to fight recklessly!
Fire: l) +0 arbalest
Press: ? - help, Q - select action, (/) - cycle Shift-Dir - straight line, f/p - adder
Aim: an adder (heavily wounded, ally target, 32% to hit)
You shoot a bolt. The bolt barely misses the adder.
You feel sick.
You are no longer poisoned.
Your cerulean imp hits the adder from afar with a -3 spear.
Your rat closely misses the adder.
The adder bites you.
* * * LOW HITPOINT WARNING * * *
Your cerulean imp misses the adder.
Fire: l) +0 arbalest
Press: ? - help, Q - select action, (/) - cycle Shift-Dir - straight line, f/p - adder
Aim: an adder (almost dead, ally target, 32% to hit)
You shoot a bolt. The bolt closely misses the adder.
The adder bites you.
* * * LOW HITPOINT WARNING * * *
You are lethally poisoned!
The adder poisons you!
Your rat closely misses the adder.
The adder bites you.
* * * LOW HITPOINT WARNING * * *
Your cerulean imp completely misses the adder.
Your rat misses the adder. The adder bites you.
You die...

# ###.# # #.# #
#.### ### #...# ..#
#.##### #.#
#.....##+#######+###
#.#
#...................
#.#
#.###.......r5......
#.# #.#
#.....@S.....$.. #.#
#.# ####+#######+###
#.# ##.## #.####...#
#........#
######...## ##...#
#..### #.## ###


You could see an adder (ally target), a friendly cerulean imp (summoned) and a
friendly rat (summoned).

Vanquished Creatures
  An adder (D:3)
  A dart slug (D:3)
  5 endoplasms
  A giant cockroach (D:1)
  4 hobgoblins
  A quokka (D:2)
  3 ball pythons
  5 bats
  A frilled lizard (D:2)
  A goblin (D:1)
  2 rats
25 creatures vanquished.

Vanquished Creatures (collateral kills)
  3 adders
  A worm (D:2)
  A ball python (D:1)
  2 endoplasms
  A goblin (D:1)
  2 hobgoblins
  2 kobolds
  A frilled lizard (D:1)
  A rat (D:1)
14 creatures vanquished.

Grand Total: 39 creatures vanquished

Notes
Turn   | Place    | Note
-------+----------+-------------------------------------------
     0 | D:1      | javelincjr the Octopode Summoner began the quest for the
                  | Orb.
     0 | D:1      | Reached XP level 1. HP: 11/11 MP: 3/3
    69 | D:1      | Reached XP level 2. HP: 17/17 MP: 5/5
    72 | D:1      | Learned a level 2 spell: Call Imp
   681 | D:1      | You fall into a shaft and drop 1 floor!
  1084 | D:2      | Reached XP level 3. HP: 21/21 MP: 3/6
  1585 | D:2      | Found a stormy altar of Qazlal.
  1705 | D:3      | Reached XP level 4. HP: 19/27 MP: 7/7
  2009 | D:3      | Reached skill level 1 in Fighting
  2061 | D:3      | Slain by an adder

Illustrated notes

Levels and vault maps discovered:
D:1:      eino_arrival_water_cross, layout_basic, minmay_heptomino_w4
D:2:      layout_loops_ring, basic_altar
D:3:      kennysheep_six_static_rooms, layout_loops_ring,
          minmay_misc_feat_pillars

Skill      XL: |  1  2  3  4 |
---------------+-------------+-----
Stealth        | 3 |  3.8
Fighting       | 1 |  1.0
Dodging        | |  2.7
Spellcasting   | |  2.5
Summonings     | |  4.4

Action                     |  1- 3 |  4- 6 || total
---------------------------+-------+-------++-------
  Melee: Unarmed           |     2 |       ||     2
         Dagger            |    35 |       ||    35
         Tentacles         |     5 |       ||     5
         Constrict         |     9 |       ||     9
   Fire: Arbalest          |     7 |    31 ||    38
   Cast: Summon Small Mamm |     4 |     3 ||     7
         Call Imp          |    10 |     2 ||    12
   Stab: Sleeping          |     1 |       ||     1
         Distracted        |     1 |       ||     1
 Armour: Skin              |       |     5 ||     5
  Dodge: Dodged            |    16 |    28 ||    44
